| TOP OF THE 1ST |
|
Washington Senators batting - Pitching for Detroit Tigers : RHP Bob Turley
|
|
Pitching: RHP Bob Turley
|
|
|
Batting: SHB Bip Roberts
|
0-0: Ball 1-0: Ball 2-0: Bunted foul 2-1: Foul Ball, location: 2F 2-2: Foul Ball, location: 2F 2-2: SINGLE (Line Drive, 34D, EV 97.5 MPH)
|
|
Batting: SHB Buck Weaver
|
0-0: Called Strike Bip Roberts steals 2nd base 0-1: Foul Ball, location: 2F 0-2: Ball 1-2: Ball 2-2: Ball 3-2: Fly out, F7 (Flyball, 7LS, EV 80.6 MPH)
|
|
Batting: LHB Lou Gehrig
|
0-0: Called Strike 0-1: Ball 1-1: Called Strike 1-2: Ball 2-2: Ball 3-2: Strikes out swinging
|
|
Batting: RHB Tillie Walker
|
0-0: Fly out, F3 (Popup, 3SF, EV 85.6 MPH)
|
| Top of the 1st over - 0 runs, 1 hit, 0 errors, 1 left on base; Washington 0 - Detroit 0 |
| BOTTOM OF THE 1ST |
|
Detroit Tigers batting - Pitching for Washington Senators : RHP Edinson Volquez
|
|
Pitching: RHP Edinson Volquez
|
|
|
Batting: SHB Bernie F Williams
|
0-0: SINGLE (Groundball, 34D, EV 106.3 MPH)
|
|
Batting: LHB Johnny Pesky
|
0-0: SINGLE (Line Drive, 8RM, EV 86.9 MPH) Bernie F Williams to second Runner from 2nd tries for 3rd, SAFE, throw by CF made to third
|
|
Batting: LHB Larry Walker
|
0-0: Called Strike 0-1: Ball Wild Pitch! Bernie F Williams scores Johnny Pesky to second 1-1: Called Strike 1-2: Ball 2-2: Ball 3-2: Foul Ball, location: 2F 3-2: Fly out, F9 (Line Drive, 9, EV 108.1 MPH)
|
|
Batting: RHB Bob Brenly
|
0-0: Ball 1-0: Ball 2-0: DOUBLE (Line Drive, 89D, EV 100.0 MPH) Johnny Pesky scores
|
|
Batting: RHB Tommy Clarke
|
0-0: Ball 1-0: DOUBLE (Line Drive, 89D, EV 101.9 MPH) Bob Brenly scores
|
|
Batting: LHB Roger Repoz
|
0-0: Ball 1-0: Called Strike 1-1: Ball 2-1: Ball 3-1: Foul Ball, location: 2F 3-2: Fly out, F9 (Flyball, 9S, EV 86.9 MPH)
|
|
Batting: LHB Stan Hack
|
0-0: Ball 1-0: Ground out 5-3 (Groundball, 56, EV 83.8 MPH)
|
| Bottom of the 1st over - 3 runs, 4 hits, 0 errors, 1 left on base; Washington 0 - Detroit 3 |
| TOP OF THE 2ND |
|
Washington Senators batting - Pitching for Detroit Tigers : RHP Bob Turley
|
|
Batting: LHB Paul Waner
|
0-0: DOUBLE (Flyball, 78XD, EV 110.0 MPH)
|
|
Batting: RHB Danny Cater
|
0-0: Called Strike 0-1: Ball 1-1: Swinging Strike 1-2: Strikes out looking
|
|
Batting: SHB Ryan Doumit
|
0-0: Ball Passed Ball! Paul Waner to third 1-0: Ball 2-0: Ball 3-0: Called Strike 3-1: Swinging Strike 3-2: SINGLE (Popup, 4D, EV 66.9 MPH) Paul Waner scores
|
|
Batting: RHB John Atz
|
0-0: Called Strike 0-1: Ball 1-1: Fly out, F7 (Flyball, 7LM, EV 95.0 MPH)
|
|
Batting: RHB Edinson Volquez
|
0-0: Called Strike 0-1: Ball 1-1: Foul Ball, location: 2F 1-2: Strikes out swinging
|
| Top of the 2nd over - 1 run, 2 hits, 0 errors, 1 left on base; Washington 1 - Detroit 3 |
| BOTTOM OF THE 2ND |
|
Detroit Tigers batting - Pitching for Washington Senators : RHP Edinson Volquez
|
|
Batting: RHB Woody English
|
0-0: Ball 1-0: Called Strike 1-1: Foul Ball, location: 2F 1-2: Strikes out swinging
|
|
Batting: RHB Bob Turley
|
0-0: Ground out 3-1 (Groundball, 34S, EV 85.6 MPH)
|
|
Batting: SHB Bernie F Williams
|
0-0: Ball 1-0: Called Strike 1-1: Fly out, F9 (Flyball, 9S, EV 91.3 MPH)
|
| Bottom of the 2nd over - 0 runs, 0 hits, 0 errors, 0 left on base; Washington 1 - Detroit 3 |
| TOP OF THE 3RD |
|
Washington Senators batting - Pitching for Detroit Tigers : RHP Bob Turley
|
|
Batting: SHB Bip Roberts
|
0-0: Called Strike 0-1: Ball 1-1: Ball 2-1: Foul Ball, location: 2F 2-2: Ball 3-2: Ground out 4-3 (Groundball, 4, EV 91.3 MPH)
|
|
Batting: SHB Buck Weaver
|
0-0: Called Strike 0-1: SINGLE (Line Drive, 7S, EV 91.9 MPH)
|
|
Batting: LHB Lou Gehrig
|
0-0: Ball 1-0: Ball 2-0: Called Strike 2-1: Foul Ball, location: 2F 2-2: Ball 3-2: Foul Ball, location: 2F 3-2: Strikes out swinging
|
|
Batting: RHB Tillie Walker
|
0-0: Ball 1-0: Ball 2-0: Foul Ball, location: 2F 2-1: Swinging Strike 2-2: Strikes out swinging
|
| Top of the 3rd over - 0 runs, 1 hit, 0 errors, 1 left on base; Washington 1 - Detroit 3 |
| BOTTOM OF THE 3RD |
|
Detroit Tigers batting - Pitching for Washington Senators : RHP Edinson Volquez
|
|
Batting: LHB Johnny Pesky
|
0-0: Ball 1-0: Ball 2-0: SINGLE (Groundball, 34D, EV 100.6 MPH)
|
|
Batting: LHB Larry Walker
|
0-0: Ball 1-0: Ball 2-0: Called Strike 2-1: Called Strike 2-2: Ball 3-2: Foul Ball, location: 2F 3-2: Base on Balls Johnny Pesky to second
|
|
Batting: RHB Bob Brenly
|
0-0: Foul Ball, location: 2F 0-1: Called Strike 0-2: Foul Ball, location: 2F 0-2: Foul Ball, location: 2F 0-2: Ball 1-2: Foul Ball, location: 2F 1-2: Foul Ball, location: 2F 1-2: Ball 2-2: Ball 3-2: Base on Balls Johnny Pesky to third Larry Walker to second
|
|
Batting: RHB Tommy Clarke
|
0-0: Ball 1-0: Called Strike 1-1: Called Strike 1-2: Ball 2-2: Grounds into double play, 6-4-3 (Groundball, 6, EV 101.9 MPH) Johnny Pesky scores Larry Walker to third
|
|
Batting: LHB Roger Repoz
|
0-0: Swinging Strike 0-1: Foul Ball, location: 2F 0-2: Ball 1-2: Strikes out swinging
|
| Bottom of the 3rd over - 1 run, 1 hit, 0 errors, 1 left on base; Washington 1 - Detroit 4 |
| TOP OF THE 4TH |
|
Washington Senators batting - Pitching for Detroit Tigers : RHP Bob Turley
|
|
Batting: LHB Paul Waner
|
0-0: Called Strike 0-1: Ball 1-1: Ball 2-1: Foul Ball, location: 2F 2-2: Ball 3-2: SINGLE (Groundball, 56D, EV 98.8 MPH)
|
|
Batting: RHB Danny Cater
|
0-0: Foul Ball, location: 2F 0-1: Foul Ball, location: 2F 0-2: Fly out, F8 (Flyball, 8RS, EV 93.1 MPH)
|
|
Batting: SHB Ryan Doumit
|
0-0: Ball 1-0: Swinging Strike 1-1: Ball 2-1: Ball 3-1: DOUBLE (Line Drive, 7LS, EV 113.8 MPH) Paul Waner to third Runner from 3rd tries for Home, SAFE, no throw by LF
|
|
Batting: RHB John Atz
|
0-0: Ground out 3-1 (Groundball, 13, EV 85.0 MPH) Ryan Doumit to third
|
|
Batting: RHB Edinson Volquez
|
0-0: Called Strike 0-1: SINGLE (Groundball, 4MD, EV 105.6 MPH) Ryan Doumit scores
|
|
Batting: SHB Bip Roberts
|
0-0: Called Strike 0-1: Ground out 6-3 (Groundball, 6MS, EV 69.4 MPH)
|
| Top of the 4th over - 2 runs, 3 hits, 0 errors, 1 left on base; Washington 3 - Detroit 4 |
| BOTTOM OF THE 4TH |
|
Detroit Tigers batting - Pitching for Washington Senators : RHP Edinson Volquez
|
|
Batting: LHB Stan Hack
|
0-0: Ball 1-0: Swinging Strike 1-1: Ball 2-1: Foul Ball, location: 2F 2-2: Ball 3-2: Ground out 6-3 (Groundball, 6, EV 101.3 MPH)
|
|
Batting: RHB Woody English
|
0-0: Ball 1-0: Swinging Strike 1-1: Ball 2-1: Fly out, F3 (Popup, 3F, EV 71.9 MPH)
|
|
Batting: RHB Bob Turley
|
0-0: Ball 1-0: SINGLE (Groundball, 6MD, EV 101.9 MPH)
|
|
Batting: SHB Bernie F Williams
|
0-0: Ball 1-0: Called Strike 1-1: Fielders Choice at 2nd, U6 (Groundball, 6M, EV 101.9 MPH)
|
| Bottom of the 4th over - 0 runs, 1 hit, 0 errors, 1 left on base; Washington 3 - Detroit 4 |
| TOP OF THE 5TH |
|
Washington Senators batting - Pitching for Detroit Tigers : RHP Bob Turley
|
|
Batting: SHB Buck Weaver
|
0-0: Ground out 4-3 (Groundball, 34, EV 102.5 MPH)
|
|
Batting: LHB Lou Gehrig
|
0-0: Ball 1-0: Foul Ball, location: 2F 1-1: Foul Ball, location: 2F 1-2: Foul Ball, location: 2F 1-2: Foul Ball, location: 2F 1-2: Ball 2-2: Strikes out swinging
|
|
Batting: RHB Tillie Walker
|
0-0: Foul Ball, location: 2F 0-1: Ball 1-1: Ball 2-1: Ball 3-1: Swinging Strike 3-2: Strikes out looking
|
| Top of the 5th over - 0 runs, 0 hits, 0 errors, 0 left on base; Washington 3 - Detroit 4 |
| BOTTOM OF THE 5TH |
|
Detroit Tigers batting - Pitching for Washington Senators : RHP Edinson Volquez
|
|
Batting: LHB Johnny Pesky
|
0-0: Foul Ball, location: 2F 0-1: Fly out, F7 (Flyball, 7LS, EV 81.3 MPH)
|
|
Batting: LHB Larry Walker
|
0-0: Foul Ball, location: 2F 0-1: Ball 1-1: Foul Ball, location: 2F 1-2: Foul Ball, location: 2F 1-2: Foul Ball, location: 2F 1-2: Foul Ball, location: 2F 1-2: SINGLE (Groundball, 4MS, EV 65.6 MPH) (infield hit)
|
|
Batting: RHB Bob Brenly
|
0-0: Ball 1-0: Fly out, F6 (Flyball, 6D, EV 83.1 MPH)
|
|
Batting: RHB Tommy Clarke
|
0-0: Ball 1-0: Ball 2-0: Swinging Strike 2-1: Swinging Strike 2-2: Strikes out swinging
|
| Bottom of the 5th over - 0 runs, 1 hit, 0 errors, 1 left on base; Washington 3 - Detroit 4 |
| TOP OF THE 6TH |
|
Washington Senators batting - Pitching for Detroit Tigers : RHP Bob Turley
|
|
Batting: LHB Paul Waner
|
0-0: Foul Ball, location: 2F 0-1: Ball 1-1: Called Strike 1-2: Ball 2-2: Strikes out looking
|
|
Batting: RHB Danny Cater
|
0-0: Ball 1-0: Ball 2-0: Foul Ball, location: 2F 2-1: Foul Ball, location: 2F 2-2: Ball 3-2: Base on Balls
|
|
Batting: SHB Ryan Doumit
|
0-0: SINGLE (Line Drive, 8RS, EV 107.5 MPH) Danny Cater to second Runner from 2nd tries for 3rd, SAFE, throw by CF made to third
|
|
Batting: RHB John Atz
|
0-0: Called Strike 0-1: Ball 1-1: Called Strike 1-2: Foul Ball, location: 2F 1-2: Strikes out swinging
|
|
Batting: RHB Edinson Volquez
|
0-0: Foul Ball, location: 2F 0-1: Called Strike 0-2: Strikes out swinging
|
| Top of the 6th over - 0 runs, 1 hit, 0 errors, 2 left on base; Washington 3 - Detroit 4 |
| BOTTOM OF THE 6TH |
|
Detroit Tigers batting - Pitching for Washington Senators : RHP Edinson Volquez
|
|
Batting: LHB Roger Repoz
|
0-0: Ground out 4-3 (Groundball, 4, EV 88.8 MPH)
|
|
Batting: LHB Stan Hack
|
0-0: SINGLE (Line Drive, 8RS, EV 90.0 MPH)
|
|
Batting: RHB Woody English
|
0-0: Ball 1-0: Foul Ball, location: 2F 1-1: Swinging Strike 1-2: SINGLE (Flyball, 78S, EV 93.8 MPH) Stan Hack to second
|
|
Pinch Hitting: RHB Don Lock
|
0-0: SINGLE (Groundball, 56S, EV 61.9 MPH) (infield hit) Stan Hack to third Woody English to second
|
|
Batting: SHB Bernie F Williams
|
0-0: Ball 1-0: Called Strike 1-1: Ball 2-1: Ball 3-1: Base on Balls Stan Hack scores Woody English to third Don Lock to second
|
|
Pitching: RHP Collin McHugh
|
|
|
Batting: LHB Johnny Pesky
|
0-0: Foul Ball, location: 2F 0-1: Grounds into fielders choice 4-2 (Groundball, 4, EV 90.6 MPH) Don Lock to third Bernie F Williams to second
|
|
Batting: LHB Larry Walker
|
0-0: Swinging Strike 0-1: Foul Ball, location: 2F 0-2: Fly out, F4 (Popup, 23, EV 89.4 MPH)
|
| Bottom of the 6th over - 1 run, 3 hits, 0 errors, 3 left on base; Washington 3 - Detroit 5 |
| TOP OF THE 7TH |
|
Washington Senators batting - Pitching for Detroit Tigers : RHP Bob Turley
|
|
Pitching: RHP Fred Winchell
|
|
|
Batting: SHB Bip Roberts
|
0-0: Called Strike 0-1: Fly out, F9 (Flyball, 9D, EV 78.1 MPH)
|
|
Batting: SHB Buck Weaver
|
0-0: Called Strike 0-1: Foul Ball, location: 2F 0-2: Ground out 4-3 (Groundball, 4, EV 78.8 MPH)
|
|
Batting: LHB Lou Gehrig
|
0-0: Swinging Strike 0-1: Ball 1-1: Ball 2-1: Called Strike 2-2: Strikes out looking
|
| Top of the 7th over - 0 runs, 0 hits, 0 errors, 0 left on base; Washington 3 - Detroit 5 |
| BOTTOM OF THE 7TH |
|
Detroit Tigers batting - Pitching for Washington Senators : RHP Collin McHugh
|
|
Batting: RHB Bob Brenly
|
0-0: Ball 1-0: Fly out, F9 (Flyball, 9S, EV 86.3 MPH)
|
|
Batting: RHB Tommy Clarke
|
0-0: Called Strike 0-1: SINGLE (Groundball, 34D, EV 108.1 MPH)
|
|
Batting: LHB Roger Repoz
|
0-0: SINGLE (Groundball, 34D, EV 103.8 MPH) Tommy Clarke to second Runner from 2nd tries for 3rd, SAFE, throw by RF made to third
|
|
Batting: LHB Stan Hack
|
0-0: Fly out, F7 (Flyball, 7D, EV 81.9 MPH) Runner from 3rd tags up, SCORES, no throw by LF
|
|
Batting: RHB Woody English
|
0-0: Called Strike 0-1: Foul Ball, location: 2F 0-2: Ball 1-2: Ball 2-2: Foul Ball, location: 2F 2-2: Ball 3-2: Fly out, F9 (Flyball, 9S, EV 87.5 MPH)
|
| Bottom of the 7th over - 1 run, 2 hits, 0 errors, 1 left on base; Washington 3 - Detroit 6 |
| TOP OF THE 8TH |
|
Washington Senators batting - Pitching for Detroit Tigers : RHP Fred Winchell
|
|
Batting: RHB Tillie Walker
|
0-0: Foul Ball, location: 2F 0-1: Foul Ball, location: 2F 0-2: Ball 1-2: Fly out, F9 (Flyball, 9LS, EV 92.5 MPH)
|
|
Batting: LHB Paul Waner
|
0-0: Ground out 6-3 (Groundball, 6, EV 92.5 MPH)
|
|
Batting: RHB Danny Cater
|
0-0: Swinging Strike 0-1: Ball 1-1: Swinging Strike 1-2: Foul Ball, location: 2F 1-2: Ball 2-2: Ball 3-2: Reached on error, E1 (Line Drive, P, EV 68.1 MPH)
|
|
Batting: SHB Ryan Doumit
|
0-0: Ball 1-0: Foul Ball, location: 2F 1-1: Swinging Strike 1-2: Ball 2-2: Strikes out swinging
|
| Top of the 8th over - 0 runs, 0 hits, 1 error, 1 left on base; Washington 3 - Detroit 6 |
| BOTTOM OF THE 8TH |
|
Detroit Tigers batting - Pitching for Washington Senators : RHP Collin McHugh
|
|
Pinch Hitting: RHB Dave Nicholson
|
0-0: Called Strike 0-1: Ball 1-1: Swinging Strike 1-2: Strikes out looking
|
|
Batting: SHB Bernie F Williams
|
0-0: Called Strike 0-1: Ball 1-1: Fly out, F7 (Flyball, 7LS, EV 89.4 MPH)
|
|
Batting: LHB Johnny Pesky
|
0-0: Ball 1-0: Called Strike 1-1: DOUBLE (Line Drive, 7LS, EV 101.9 MPH)
|
|
Pitching: LHP Adam Liberatore
|
|
|
Batting: LHB Larry Walker
|
0-0: Called Strike 0-1: Foul Ball, location: 2F 0-2: Ball 1-2: Fly out, F8 (Flyball, 8RM, EV 76.9 MPH)
|
| Bottom of the 8th over - 0 runs, 1 hit, 0 errors, 1 left on base; Washington 3 - Detroit 6 |
| TOP OF THE 9TH |
|
Washington Senators batting - Pitching for Detroit Tigers : RHP Fred Winchell
|
|
Pitching: RHP Erik Goeddel
|
|
|
Batting: RHB John Atz
|
0-0: Ball 1-0: Swinging Strike 1-1: Foul Ball, location: 2F 1-2: Strikes out swinging
|
|
Pinch Hitting: RHB Harlond Clift
|
0-0: Called Strike 0-1: Ball 1-1: Ball 2-1: Swinging Strike 2-2: Strikes out looking
|
|
|